AoeStats
← amacandcheese

Arabia

509797914Analyzed
1v1 RM · 6d ago on Sep 28, 2026· 50m 16s· 2 players
Game mode
Random Map
Map size
Tiny (2 player)
Population
200
Speed
Normal
Resources
Standard
Victory
Conquest
Starting age
Dark Age
Ending age
Imperial Age
RankedLock teamsTeams togetherTeam positionsShared explorationLock speedFull tech treeHidden civsTurbo modeCheats
Victory
Defeat
🇺🇸 Franks · United States
1254
+15
🇺🇸 Britons · United States
1235
-15
amacandcheese
4:57 Loom
9:12 Feudal Age
10:40 Double-Bit Axe
11:39 Horse Collar
20:21 Castle Age
19:27 Fletching
20:25 Crossbowman
21:02 Bodkin Arrow
21:33 Bow Saw
21:56 Padded Archer Armor
24:59 Gold Mining
25:16 Heavy Plow
26:07 Wheelbarrow
27:25 Ballistics
28:39 Gold Shaft Mining
28:34 Stone Mining
31:43 Hand Cart
37:25 Imperial Age
36:00 Yeomen
38:31 Bracer
39:36 Conscription
40:30 Chemistry
40:01 Arbalester
40:59 Town Watch
41:51 Leather Archer Armor
42:45 Town Patrol
44:55 Guilds
45:53 Two-Man Saw
45:13 Masonry
44:44 Treadmill Crane
45:00 Murder Holes
46:29 Architecture
47:11 Siege Engineers
50:23 Fortified Wall
schtapler
9:53 Loom
12:32 Feudal Age
16:22 Castle Age
14:17 Double-Bit Axe
16:24 Scale Barding Armor
16:53 Gold Mining
17:17 Forging
27:09 Wheelbarrow
27:49 Bow Saw
28:35 Husbandry
30:05 Hand Cart
30:14 Chain Barding Armor
30:31 Iron Casting
34:15 Imperial Age
34:29 Fletching
34:19 Cavalier
36:40 Plate Barding Armor
36:44 Conscription
37:11 Gold Shaft Mining
36:50 Bodkin Arrow
39:27 Paladin
40:13 Chivalry
40:45 Ballistics
40:36 Masonry
42:12 Chemistry
43:41 Blast Furnace
42:48 Heavy Scorpion
43:37 Stone Mining
43:33 Heavy Scorpion
49:14 Light Cavalry
Connection lost

Rejoining the realm…

Still unreachable

The connection could not be restored.

Session expired

The server has moved on; the page needs a fresh start.